 Dungeon Crawl Stone Soup version 0.20-a0-893-g832831a (webtiles) character file.

130 nikopol the Skirmisher (level 4, 0/41 HPs)
             Began as a Minotaur Berserker on Mar 17, 2017.
             Was a Believer of Trog.
             Slain by an orc
             ... wielding a +0 trident
              (4 damage)
             ... on level 3 of the Dungeon.
             The game lasted 00:03:33 (1285 turns).

nikopol the Skirmisher (Minotaur Berserker)         Turns: 1285, Time: 00:03:34

Health: 0/41       AC:  7    Str: 22    XL:     4   Next: 90%
Magic:  3/3        EV: 12    Int:  4    God:    Trog [**....]
Gold:   116        SH:  0    Dex: 10    Spells: 3/3 levels left

rFire    . . .     SeeInvis .   a - +0 hand axe
rCold    . . .     Gourm    .   g - +0 ring mail
rNeg     . . .     Faith    .   (no shield)
rPois    .         Spirit   .   (helmet restricted)
rElec    .         Reflect  .   (no cloak)
rCorr    .         Harm     .   t - +1 pair of gloves
MR       .....                  (no boots)
Stlth    ..........             (no amulet)
Regen    0.2/turn               (no ring)
MPRegen  0.1/turn               (no ring)

@: exhausted, slowed, very slow
A: retaliatory headbutt, horns 2
a: Berserk, Trog's Hand, Burn Spellbooks, Renounce Religion


You were on level 3 of the Dungeon.
You worshipped Trog.
Trog was pleased with you.
You were very hungry.

You visited 1 branch of the dungeon, and saw 3 of its levels.

You collected 116 gold pieces.

Inventory:

Hand Weapons
 a - a +0 hand axe (weapon)
Armour
 b - a +0 animal skin
 g - a +0 ring mail (worn)
 t - a +1 pair of gloves (worn)
Jewellery
 f - an uncursed ring of stealth {unknown}
 q - a cursed -3 ring of protection {unknown}
Scrolls
 d - 3 scrolls of amnesia {unknown}
 e - 4 scrolls of teleportation {unknown}
 h - 2 scrolls of remove curse {unknown}
 i - 4 scrolls of random uselessness {unknown}
 r - 2 scrolls of identify {unknown}
 v - a scroll of enchant armour {unknown}
Potions
 k - 2 potions of mutation {unknown}
 l - 2 potions of heal wounds {unknown}
 m - 3 potions of flight {unknown}
 n - a potion of haste {unknown}
 s - a potion of curing {unknown}
Comestibles
 c - 2 bread rations
 j - a royal jelly
 o - 2 fruits
 p - a meat ration
 u - 4 chunks of flesh


   Skills:
 + Level 4.7 Fighting
 + Level 4.5 Axes
 + Level 3.4 Armour
 + Level 3.4 Dodging


You had 3 spell levels left.
You didn't know any spells.

Dungeon Overview and Level Annotations

Branches:
Dungeon (3/15)

Altars:
Ashenzari
Qazlal
Uskayaw


Innate Abilities, Weirdness & Mutations

You reflexively headbutt those who attack you in melee.
You have a pair of horns on your head.


Message History

The goblin is moderately wounded.
The orc barely misses you. The goblin misses you. You furiously retaliate!
You headbutt the goblin.
You kill the goblin!
Trog accepts your kill. The orc priest hits you with a club.
* * * LOW HITPOINT WARNING * * *
The orc barely misses you.
You barely miss the orc priest. You headbutt the orc priest!
The orc priest is severely wounded.
The orc priest hits you but does no damage.
The orc closely misses you.
You hit the orc priest but do no damage.
The orc priest is severely wounded.
The orc priest closely misses you. You furiously retaliate!
You headbutt the orc priest.
You kill the orc priest!
Trog accepts your kill.
The orc hits you from afar with a trident.
You die...

#.# #.# #.# ## #.# .
##.# #. #...
#####.######## #...
........)o...########.##
#..@).>.(((..))...#
#.######.##.#.###.# #
#.##.#.# #.# #.##.#.#
#.# ..##.#.# #.#
o....... ... ..#####.#
### .. #.#


You could see an orc.

Vanquished Creatures
  An orc priest (D:3)
  An orc wizard (D:3)
  2 adders
  2 dart slugs
  3 leopard geckos
  3 orcs (D:3)
  2 giant cockroaches
  5 goblins
  10 hobgoblins
  A quokka (D:2)
  A ball python (D:1)
  5 bats
  A frilled lizard (D:1)
  4 kobolds
  3 rats
44 creatures vanquished.

Notes
Turn   | Place    | Note
-------+----------+-------------------------------------------
     0 | D:1      | nikopol the Minotaur Berserker began the quest for the Orb.
     0 | D:1      | Reached XP level 1. HP: 19/19 MP: 0/0
    69 | D:1      | Reached XP level 2. HP: 15/27 MP: 1/1
   445 | D:1      | Reached ** piety under Trog
   494 | D:1      | Found a shattered altar of Ashenzari.
   651 | D:2      | Reached XP level 3. HP: 33/33 MP: 2/2
   655 | D:2      | Found a stormy altar of Qazlal.
   732 | D:2      | Noticed a dagger
   756 | D:2      | Found a hide-covered altar of Uskayaw.
   757 | D:2      | Noticed a dagger
  1262 | D:3      | Reached XP level 4. HP: 36/41 MP: 3/3
  1285 | D:3      | Slain by an orc

Vault maps used:
D:1:      mrwooster_arrival_statue_2, nrook_uturn, evilmike_ruin_ashenzari
D:2:      dancing_weapons_uskayaw, nicolae_qazlal_general_emergency
D:3:      nicolae_overflow_hidden_temple

Skill      XL: |  1  2  3 |
---------------+----------+-----
Fighting       | 4 |  4.7
Axes           | 4 |  4.5
Dodging        | 3 |  3.4
Armour         | 3 |  3.4

Action                   |  1- 3 |  4- 6 || total
-------------------------+-------+-------++-------
Melee: Hand axe          |    72 |    10 ||    82
       Headbutt          |    14 |     3 ||    17
Invok: Berserk           |       |     1 ||     1
  Eat: Chunk             |     1 |       ||     1
Armor: Ring mail         |    23 |     4 ||    27
Dodge: Dodged            |    59 |    20 ||    79
